 Dungeon Crawl Stone Soup version 0.28-a0-1520-gc3277d3759 (webtiles) character file.

Game seed: 11267646106661410384

422 sanka the Ruffian (level 6, 0/53 HPs)
             Began as a Gnoll Cinder Acolyte on Jan 17, 2022.
             Was a High Priest of Ignis.
             Slain by an iguana (14 damage)
             ... on level 4 of the Dungeon.
             The game lasted 00:05:39 (4742 turns).

sanka the Ruffian (Gnoll Cinder Acolyte)            Turns: 4742, Time: 00:05:40

Health: 0/53       AC:  2    Str: 13    XL:     6   Next: 95%
Magic:  2/11       EV: 11    Int: 16    God:    Ignis [*****.]
Gold:   105        SH:  0    Dex:  7    Spells: 9/12 levels left

rFire   + . .      SeeInvis .     - Unarmed
rCold   . . .      Faith    .   (no shield)
rNeg    . . .      Spirit   .   a - +0 robe
rPois   .          Reflect  .   (no helmet)
rElec   .          Harm     .   (no cloak)
rCorr   .          Rampage  .   (no gloves)
Will    .....                   (no boots)
Stlth   ++........              (no amulet)
HPRegen 0.17/turn               (no ring)
MPRegen 0.12/turn               (no ring)

@: no status effects
A: fangs 1, strong nose, distributed training
a: Renounce Religion, Fiery Armour, Foxfire Swarm, Rising Flame


You were on level 4 of the Dungeon.
You worshipped Ignis.
Ignis was extremely pleased with you.
You visited 1 branch of the dungeon, and saw 4 of its levels.

You collected 105 gold pieces.


Innate Abilities, Weirdness & Mutations

You have very sharp teeth.
Your uncanny sense of smell can sniff out nearby items.
Your experience applies equally to all skills.


   Skills:
 + Level 6.9 Fighting
 + Level 2.1 Short Blades
 + Level 2.1 Long Blades
 + Level 2.1 Axes
 + Level 2.1 Maces & Flails
 + Level 2.1 Polearms
 + Level 2.1 Staves
 + Level 2.1 Slings
 + Level 2.1 Bows
 + Level 2.1 Crossbows
 + Level 2.1 Throwing
 + Level 2.1 Armour
 + Level 2.1 Dodging
 + Level 2.1 Stealth
 + Level 2.1 Shields
 + Level 6.9 Unarmed Combat
 + Level 3.5 Spellcasting
 + Level 1.7 Conjurations
 + Level 1.7 Hexes
 + Level 1.7 Summonings
 + Level 1.7 Necromancy
 + Level 1.7 Translocations
 + Level 1.7 Transmutations
 + Level 5.7 Fire Magic
 + Level 1.7 Ice Magic
 + Level 1.7 Air Magic
 + Level 1.7 Earth Magic
 + Level 1.7 Poison Magic
 + Level 2.4 Invocations
 + Level 2.1 Evocations


You had 9 spell levels left.
You knew the following spells:

 Your Spells              Type           Power      Damage    Failure   Level
e - Apportation           Tloc           16%        N/A       9%          1
y - Scorch                Fire           42%        2d7       2%          2

Your spell library contained the following spells:

 Spells                   Type           Power      Damage    Failure   Level
 Animate Skeleton         Necr           16%        N/A       9%          1
 Pain                     Necr           32%        1d5       9%          1
 Vampiric Draining        Necr           8%         2d6       26%         3
 Flame Wave               Conj/Fire      14%        2d5       36%         4
 Airstrike                Air            4%         N/A       65%         4
 Olgreb's Toxic Radiance  Pois           8%         N/A       65%         4
 Summon Lightning Spire   Summ/Air       8%         N/A       65%         4
 Alistair's Intoxication  Tmut/Pois      5%         N/A       94%         5
 Lightning Bolt           Conj/Air       4%         1d15      94%         5
 Summon Cactus Giant      Summ           4%         N/A       100%        6
 Ozocubu's Refrigeration  Ice            4%         4d5       100%        7
 Ignition                 Fire           10%        3d5       100%        8

Inventory:

Hand Weapons
 i - a +0 halberd
Armour
 a - a +0 robe (worn)
 k - the +2 leather armour of Korid {*Corrode Fly rElec rC+++ Int-4}

   Int:       It affects your intelligence (-4).
   rC:        It renders you almost immune to cold.
   rElec:     It insulates you from electricity.
   Fly:       It grants you flight.
   *Corrode:  It may corrode you when you take damage.
 q - a +0 helmet
Magical Staves
 b - a staff of death
Scrolls
 c - 4 scrolls of teleportation {unknown}
 d - 3 scrolls of identify {unknown}
 e - 2 scrolls of amnesia {unknown}
 g - a scroll of fear {unknown}
 h - a scroll of silence {unknown}
 m - a scroll of enchant armour {unknown}
 n - a scroll of noise {unknown}
 t - a scroll of fog {unknown}
Potions
 f - a potion of heal wounds {unknown}
 j - 2 potions of degeneration {unknown}
 l - a potion of might {unknown}
 o - a potion of magic {unknown}
 p - a potion of berserk rage {unknown}
 r - a potion of flight {unknown}
 s - a potion of ambrosia {unknown}

Dungeon Overview and Level Annotations

Branches:
Dungeon (4/15)
 Temple: D:4-7

Altars:
Cheibriados
Fedhas
Gozag

....▒▒...........
▒..▒..▒▒.▒.▒..▒
▒............^▒▒▒
▒▒.▒.▒▒...▒......
▒▒▒..............▒
........▒▒.▒.....▒▒
....†▒▒▒▒▒.▒.▒.... .
▒▒▒▒.▒ ▒...▒...▒▒▒....
▒▒▒▒.▒▒▒ ▒▒▒.▒.▒glhh....
.......▒▒▒▒▒.▒?.▒▒▒.....
▒▒▒▒.▒..........▒ ...
▒..▒▒▒.....▒|..... .
▒▒.▒...▒▒▒.....>.. ...▒▒
▒▒....£... ... ▒........
...▒ ▒........ ..▒
▒........


You could see an iguana (combustible) and 2 hounds.


Message History

Flames lash the ball python.
You kill the ball python!
The iguana bites you!
Flames lash the hound.
The hound is moderately wounded.
The hound's fire resistance burns away.
The iguana bites you!
* * * LOW HITPOINT WARNING * * *
You don't have enough magic to cast this spell.
You don't have enough magic to cast this spell.
Unknown command.
You closely miss the iguana.
The iguana is severely wounded.
The iguana bites you.
* * * LOW HITPOINT WARNING * * *
You hit the iguana but do no damage. Your punch misses the iguana.
The iguana is severely wounded.
The iguana completely misses you.
You barely miss the iguana.
The iguana is severely wounded.
The hound is no longer more vulnerable to fire.
The iguana bites you but does no damage.
You barely miss the iguana.
The iguana is severely wounded.
The iguana barely misses you.
You barely miss the iguana.
The iguana is severely wounded.
The iguana bites you!
You die...

Action                   |  1- 3 |  4- 6 || total
-------------------------+-------+-------++-------
Melee: Unarmed           |   104 |   136 ||   240
       Bite              |     4 |    10 ||    14
       Punch             |     3 |     1 ||     4
 Cast: Scorch            |     5 |    37 ||    42
Invok: Foxfire Swarm     |       |     1 ||     1
 Stab: Distracted        |     1 |       ||     1
       Sleeping          |       |     2 ||     2
Armor: Robe              |    18 |    18 ||    36
Dodge: Dodged            |    58 |    75 ||   133

Levels and vault maps discovered:
D:1:      kilobyte_arrival_exit_the_forest, layout_basic,
          hellmonk_ecumenical_altar_leap_of_faith
D:2:      wad_woods_tower, layout_basic, basic_altar
D:3:      minmay_bubble_buster, layout_loops_ring,
          mainiacjoe_overflow_small_starburst,
          nicolae_gozag_cash_rules_everything_around_me, uniq_sigmund
D:4:      layout_rooms, lemuel_round_altar

Notes
Turn   | Place    | Note
-------+----------+-------------------------------------------
     0 | D:1      | sanka the Gnoll Cinder Acolyte began the quest for the Orb.
     0 | D:1      | Reached XP level 1. HP: 23/23 MP: 4/4
   327 | D:1      | Reached XP level 2. HP: 27/29 MP: 5/5
   501 | D:1      | Found a faded altar of an unknown god.
   862 | D:1      | Reached XP level 3. HP: 27/35 MP: 7/7
   945 | D:1      | Learned a level 2 spell: Scorch
  1182 | D:1      | Reached skill level 1 in Invocations
  1413 | D:2      | Reached skill level 1 in Short Blades
  1413 | D:2      | Reached skill level 1 in Long Blades
  1413 | D:2      | Reached skill level 1 in Axes
  1413 | D:2      | Reached skill level 1 in Maces & Flails
  1413 | D:2      | Reached skill level 1 in Polearms
  1413 | D:2      | Reached skill level 1 in Staves
  1413 | D:2      | Reached skill level 1 in Slings
  1413 | D:2      | Reached skill level 1 in Bows
  1413 | D:2      | Reached skill level 1 in Crossbows
  1413 | D:2      | Reached skill level 1 in Throwing
  1413 | D:2      | Reached skill level 1 in Armour
  1413 | D:2      | Reached skill level 1 in Dodging
  1413 | D:2      | Reached skill level 1 in Stealth
  1413 | D:2      | Reached skill level 1 in Shields
  1413 | D:2      | Reached skill level 1 in Evocations
  1505 | D:1      | Reached XP level 4. HP: 34/41 MP: 3/8
  1561 | D:2      | Reached skill level 3 in Spellcasting
  1794 | D:2      | Reached skill level 1 in Conjurations
  1794 | D:2      | Reached skill level 1 in Hexes
  1794 | D:2      | Reached skill level 1 in Summonings
  1794 | D:2      | Reached skill level 1 in Necromancy
  1794 | D:2      | Reached skill level 1 in Translocations
  1794 | D:2      | Reached skill level 1 in Transmutations
  1794 | D:2      | Reached skill level 1 in Ice Magic
  1794 | D:2      | Reached skill level 1 in Air Magic
  1794 | D:2      | Reached skill level 1 in Earth Magic
  1794 | D:2      | Reached skill level 1 in Poison Magic
  2024 | D:2      | Identified the +2 leather armour of Korid {*Corrode Fly
                  | rElec rC+++ Int-4}
  2334 | D:2      | Reached XP level 5. HP: 35/47 MP: 2/9
  2438 | D:2      | Learned a level 1 spell: Apportation
  2599 | D:2      | Found a blossoming altar of Fedhas.
  2955 | D:3      | Noticed Sigmund
  3517 | D:3      | Found a snail-covered altar of Cheibriados.
  3794 | D:3      | Killed Sigmund
  3795 | D:3      | Reached skill level 2 in Short Blades
  3795 | D:3      | Reached skill level 2 in Long Blades
  3795 | D:3      | Reached skill level 2 in Axes
  3795 | D:3      | Reached skill level 2 in Maces & Flails
  3795 | D:3      | Reached skill level 2 in Polearms
  3795 | D:3      | Reached skill level 2 in Staves
  3795 | D:3      | Reached skill level 2 in Slings
  3795 | D:3      | Reached skill level 2 in Bows
  3795 | D:3      | Reached skill level 2 in Crossbows
  3795 | D:3      | Reached skill level 2 in Throwing
  3795 | D:3      | Reached skill level 2 in Armour
  3795 | D:3      | Reached skill level 2 in Dodging
  3795 | D:3      | Reached skill level 2 in Stealth
  3795 | D:3      | Reached skill level 2 in Shields
  3795 | D:3      | Reached skill level 2 in Invocations
  3795 | D:3      | Reached skill level 2 in Evocations
  3795 | D:3      | Reached XP level 6. HP: 53/53 MP: 7/11
  3840 | D:3      | Found an opulent altar of Gozag.
  4742 | D:4      | Slain by an iguana

Vanquished Creatures
  Sigmund (D:3)
  3 orc wizards
  3 adders
  6 gnolls
  A howler monkey skeleton (D:4)
  5 dart slugs
  7 orcs
  2 endoplasms
  4 giant cockroaches
  9 goblins
  7 hobgoblins
  8 jackals (D:1)
  7 quokkas
  6 ball pythons
  7 bats
  5 frilled lizards
  4 kobolds
  6 rats
91 creatures vanquished.

Vanquished Creatures (others)
  13 foxfires (D:3)
  22 plants (D:2)
35 creatures vanquished.

Grand Total: 126 creatures vanquished
